 Dungeon Crawl Stone Soup version 0.30.0-11-gf55b779eaf (webtiles) character file.

Game seed: 17231957829670003966

5254 Orangeyouglad the Trooper (level 10, -1/79 HPs)
             Began as a Human Artificer on May 17, 2023.
             Was a Believer of Zin.
             Slain by a yak (8 damage)
             ... on level 9 of the Dungeon.
             The game lasted 00:49:16 (15069 turns).

Orangeyouglad the Trooper (Human Artificer)        Turns: 15069, Time: 00:49:17

Health: -1/79      AC: 10    Str: 17    XL:     10   Next: 93%
Magic:  11/16      EV: 18    Int: 18    God:    Zin [**....]
Gold:   263        SH:  7    Dex: 14    Spells: 7/17 levels left

rFire   . . .        h - +1 morningstar (protect)
rCold   . . .        B - +2 buckler
rNeg    . . .        K - +3 ring mail
rPois   ∞            (helmet restricted)
rElec   .            I - +0 cloak
rCorr   .            o - +0 pair of gloves
SInv    .            (no boots)
Will    .....        (no amulet)
Stlth   +            x - +6 ring of strength
HPRegen 0.33/turn    z - +5 ring of evasion
MPRegen 0.15/turn

%: no passive effects
@: vitalised, studying Fighting
A: horns 1, weak 1
a: Renounce Religion, Recite, Vitalisation, Donate Gold


You were on level 9 of the Dungeon.
You worshipped Zin.
Zin was pleased with you.
You visited 2 branches of the dungeon, and saw 10 of its levels.

You collected 402 gold pieces.
You donated 139 gold pieces to Zin.

Inventory:

Hand Weapons
 f - a +1 dagger of venom
 h - a +1 morningstar of protection (weapon)
 u - a +4 dagger
Missiles
 t - a throwing net
 E - 11 poisoned darts (quivered)
Armour
 o - a +0 pair of gloves (worn)
 y - a +2 pair of gloves
 B - a +2 buckler (worn)
 I - a +0 cloak (worn)
 J - a +2 robe of willpower
 K - a +3 ring mail (worn)
 L - a +1 kite shield of protection
Jewellery
 b - a +6 ring of strength
 q - a ring of poison resistance
 x - a +6 ring of strength (left hand)
 z - a +5 ring of evasion (right hand)
Wands
 a - a wand of digging (4)
 d - a wand of charming (12)
 e - a wand of iceblast (3)
 M - a wand of paralysis (4)
Scrolls
 c - a scroll of immolation {unknown}
 g - 4 scrolls of teleportation
 k - a scroll of enchant armour {unknown}
 l - a scroll of silence {unknown}
 m - 2 scrolls of fear {unknown}
 p - a scroll of noise {unknown}
 s - 4 scrolls of amnesia
 v - 2 scrolls of enchant weapon {unknown}
 w - 2 scrolls of vulnerability {unknown}
 C - a scroll of acquirement {unknown}
 F - a scroll of magic mapping
Potions
 i - 2 potions of haste {unknown}
 j - a potion of invisibility {unknown}
 n - 3 potions of mutation
 r - a potion of resistance {unknown}
 A - 2 potions of curing {unknown}
 D - 2 potions of degeneration {unknown}
 G - 2 potions of attraction {unknown}
 H - 2 potions of flight {unknown}


   Skills:
 + Level 7.3 Fighting
 - Level 2.0 Armour
 + Level 6.9 Dodging
 - Level 2.1 Stealth
 - Level 5.0 Shields
 - Level 4.0 Spellcasting
 + Level 4.0 Conjurations
 - Level 4.1 Translocations
 - Level 2.0 Transmutations
 + Level 2.3 Fire Magic
 - Level 5.0 Earth Magic
 + Level 3.4 Invocations
 - Level 3.0 Evocations


You had 7 spell levels left.
You knew the following spells:

 Your Spells              Type           Power      Damage    Failure   Level
a - Passwall              Tmut/Erth      13%        N/A       12%         2
b - Blink                 Tloc           36%        N/A       10%         2
c - Momentum Strike       Conj/Tloc      36%        3d9       10%         2
d - Sticky Flame          Conj/Fire      15%        2d4       65%         4

Your spell library contained the following spells:

 Spells                   Type           Power      Damage    Failure   Level
 Lesser Beckoning         Tloc           36%        N/A       10%         2
 Necrotise                Necr           12%        1d4       32%         1
 Ensorcelled Hibernation  Hex/Ice        6%         N/A       45%         2
 Sublimation of Blood     Necr           3%         N/A       45%         2
 Inner Flame              Hex/Fire       7%         N/A       54%         3
 Petrify                  Tmut/Erth      16%        N/A       61%         4
 Flame Wave               Conj/Fire      15%        2d7       65%         4
 Frozen Ramparts          Ice            6%         1d1       69%         3
 Swiftness                Air            3%         N/A       69%         3
 Vampiric Draining        Necr           3%         2d6       69%         3
 Ice Form                 Ice/Tmut       7%         N/A       91%         4
 Irradiate                Conj/Tmut      7%         3d14      95%         5
 Summon Ice Beast         Ice/Summ       3%         N/A       97%         4
 Agony                    Necr           3%         N/A       100%        5


Dungeon Overview and Level Annotations

Branches:
Dungeon (9/15)             Temple (1/1) D:6             Orc (0/2) D:9
   Lair: D:8-11

Altars:
Ashenzari
Cheibriados
Dithmenos
Elyvilon
Fedhas
Gozag
Hepliaklqana
Kikubaaqudgha
Makhleb
Nemelex Xobeh
Okawaru
Qazlal
Ru
Sif Muna
Trog
Uskayaw
Vehumet
Wu Jian
Xom
Yredelemnul
Zin
The Shining One

Shops:
D:5 =   D:7 (

Annotations:
D:5 3 runed translucent doors, bungle's ghost, novice GnAE
D:7 3 runed translucent doors, voltaire321's ghost, novice HOFi


Innate Abilities, Weirdness & Mutations

You have a pair of small horns on your head.
You are weak. (Str -2)


Message History

The yak barely misses you. The yak gores you but does no damage.
You hit the yak but do no damage.
The yak is heavily wounded.
You block the yak's attack. The yak barely misses you.
The yak gores you but does no damage. You block the yak's attack.
The yak barely misses you.
You hit the yak.
The yak is heavily wounded.
The yak closely misses you. The yak gores you but does no damage.
You block the yak's attack. The yak gores you. You block the yak's attack.
The yak misses you. The yak closely misses you.
The yak gores you but does no damage. x2; The yak completely misses you.
The yak attacks as you move away! The yak misses you.
The yak gores you but does no damage.
You thump the yak!
The yak is almost dead.
The yak gores you! x4
* * * LOW HITPOINT WARNING * * *
You block the yak's attack. x2
Okay, then.
Okay, then.
Okay, then.
Okay, then.
Okay, then.
Okay, then.
Okay, then.
Casting: Blink (safe; 10% risk of failure)
Confirm with . or Enter, or press ? or * to list all spells.
You blink.
Zin grants you divine stamina. The yak gores you!
* * * LOW HITPOINT WARNING * * *
Okay, then.
It was a potion of mutation.
You feel extremely strange. Zin protects your body from mutation!
A pair of horns grows on your head!
You feel weaker.
Zin forgives your inadvertent chaotic act, just this once.
You feel stable enough to blink again. You block the yak's attack.
The yak gores you!
You die...

.........#....#...#....#....#....
.........#....#...#....#....#....
.........#....###########'###....
.........#........#....#....#....
.........#........+....+....'....
.........#........#....#....#....
.........##########....#.........
.........#....YY.#...............
.........#....YY@#...............
.........#.....Y.#...............
.........#.......#...............
.........######'##..........#....
..............#.............#....
............T.#.............#....
..............#.............#....
..............#.............#....
..............#.............#....


You could see 5 yaks.

Vanquished Creatures
  Pikel (D:7)
  A troll (D:9)
  A hornet (D:9)
  A shadow (D:9)
  A vampire (D:8)
  3 acid dragons
  2 water moccasins
  3 orc warriors
  A black bear (D:8)
  A sky beast (D:7)
  3 ice beasts
  8 ogres
  4 centaurs
  A phantom (D:5)
  3 kobold brigands
  A bullfrog (D:7)
  A gnoll sergeant (D:7)
  4 wights
  4 killer bees (D:9)
  2 howler monkeys
  3 orc priests
  9 hounds
  2 gnoll boudas (D:6)
  Crazy Yiuf (D:7)
  3 jellies
  An iguana (D:5)
  2 orc wizards
  15 gnolls
  8 adders
  A shadow imp (D:5)
  3 white imps
  3 ufetubi
  An adder zombie (D:2)
  4 worms
  2 dart slugs
  31 orcs
  5 bats
  A bat skeleton (D:2)
  5 endoplasms
  4 giant cockroaches
  4 goblins
  5 hobgoblins
  20 kobolds
  4 quokkas
  6 ball pythons
  2 ball python skeletons (D:2)
  3 frilled lizards
  A giant cockroach zombie (D:2)
  A jackal skeleton (D:2)
  3 rats
199 creatures vanquished.

Vanquished Creatures (others)
  An orc (D:7)
1 creature vanquished.

Grand Total: 200 creatures vanquished

Notes
Turn   | Place    | Note
-------+----------+-------------------------------------------
     0 | D:1      | Orangeyouglad the Human Artificer began the quest for the
                  | Orb.
     0 | D:1      | Reached XP level 1. HP: 15/15 MP: 1/1
   321 | D:1      | Reached XP level 2. HP: 20/21 MP: 2/2
  1031 | D:1      | Reached XP level 3. HP: 17/26 MP: 4/4
  1036 | D:1      | Learned a level 2 spell: Passwall
  1324 | D:2      | Reached skill level 1 in Spellcasting
  1456 | D:2      | Reached XP level 4. HP: 32/33 MP: 5/5
  1559 | D:2      | Reached skill level 2 in Fighting
  2137 | D:3      | Reached skill level 1 in Earth Magic
  2172 | D:3      | Found a faded altar of an unknown god.
  2191 | D:3      | Reached XP level 5. HP: 27/38 MP: 7/7
  2954 | D:3      | Found a bloodstained altar of Trog.
  3151 | D:4      | Reached skill level 1 in Transmutations
  3453 | D:4      | Reached XP level 6. HP: 46/46 MP: 7/9
  4119 | D:5      | Entered Level 5 of the Dungeon
  4254 | D:5      | Noticed an ogre
  4258 | D:5      | Noticed an ice beast
  4261 | D:5      | Killed an ogre
  4262 | D:5      | Reached skill level 3 in Fighting
  4262 | D:5      | Reached XP level 7. HP: 36/52 MP: 10/10
  4394 | D:5      | Reached skill level 1 in Shields
  4619 | D:5      | Noticed bungle's ghost (novice GnAE)
  5056 | D:5      | Reached XP level 8. HP: 12/60 MP: 12/12
  5238 | D:5      | Found a runed translucent gate.
  5238 | D:5      | Found a runed translucent gate.
  5238 | D:5      | Found a runed translucent gate.
  5480 | D:5      | Found Jymijy's Jewellery Emporium.
  5837 | D:6      | Reached skill level 4 in Fighting
  6345 | D:6      | Found a staircase to the Ecumenical Temple.
  6351 | Temple   | Entered the Ecumenical Temple
  6833 | Temple   | Became a worshipper of Zin the Law-Giver
  6833 | Temple   | Reached * piety under Zin
  6836 | Temple   | Donated 99 gold pieces to Zin
  6948 | D:5      | Learned a level 2 spell: Blink
  7234 | D:6      | Reached XP level 9. HP: 41/66 MP: 15/15
  7335 | D:6      | Reached skill level 1 in Translocations
  7507 | D:6      | Reached skill level 5 in Fighting
  7692 | D:6      | Reached skill level 5 in Dodging
  8021 | D:7      | You fall into a shaft and drop 2 floors!
  8082 | D:9      | Noticed a troll
  8195 | D:9      | Noticed a hornet
  8198 | D:9      | Killed a hornet
  8235 | D:9      | Reached ** piety under Zin
  8265 | D:9      | Reached skill level 5 in Earth Magic
  8390 | D:8      | Learned a level 2 spell: Momentum Strike
  8472 | D:7      | Found a runed translucent gate.
  8472 | D:7      | Found a runed translucent gate.
  8472 | D:7      | Found a runed translucent gate.
  8473 | D:7      | Noticed voltaire321's ghost (novice HOFi)
  8473 | D:7      | Noticed a spectral unseen horror
  8573 | D:7      | Found Geoghugu's Antique Weapon Shop.
  8993 | D:6      | Reached skill level 1 in Conjurations
  9363 | D:7      | Noticed Pikel
  9721 | D:7      | Reached XP level 10. HP: 76/76 MP: 11/16
  9750 | D:7      | Reached skill level 6 in Fighting
 10328 | D:7      | Reached skill level 5 in Shields
 10372 | D:7      | Found a runed translucent door.
 10373 | D:7      | Noticed Crazy Yiuf
 10385 | D:7      | Killed Crazy Yiuf
 10811 | D:7      | Killed Pikel
 10812 | D:7      | Reached skill level 1 in Invocations
 10840 | D:7      | Learned a level 4 spell: Sticky Flame
 11408 | D:8      | Reached skill level 1 in Fire Magic
 12043 | D:8      | Reached *** piety under Zin
 13228 | D:9      | Found a staircase to the Orcish Mines.
 13393 | D:9      | Reached skill level 7 in Fighting
 15069 | D:9      | Gained mutation: You have a pair of small horns on your
                  | head. [potion of mutation]
 15069 | D:9      | Gained mutation: You are weak. (Str -2) [potion of
                  | mutation]
 15069 | D:9      | Slain by a yak

Illustrated notes

Levels and vault maps discovered:
D:1:      co_arrival_square_in_a_square_in_a_square, layout_loops_corners
D:2:      layout_loops_ring, serial_undead, serial_undead_d, serial_undead_c,
          serial_undead_f, serial_undead_c, glass_columns_b,
          minmay_strange_pillars
D:3:      layout_basic, trog_butcher_becter,
          shapermc_ecumenical_altar_starsandcircs, kennysheep_generic_room_5
D:4:      layout_loops_ring
D:5:      layout_basic, serial_shops, nicolae_shop_pleasant_corner_grove,
          gammafunk_ghost_icy
D:6:      layout_gridville, minmay_temple_entry_drinking_statues
D:7:      layout_cave_pools, gammafunk_ghost_necromancy, serial_shops, shop,
          nicolae_fountain_basement, uniq_crazy_yiuf_cottage, uniq_pikel
D:8:      layout_basic, minmay_manual_monstrance
D:9:      layout_grid_maze, orc_0_dummy
Temple:   mainiacjoe_temple_trianglar_array

Skill      XL: |  1  2  3  4  5  6  7  8  9 10 |
---------------+-------------------------------+-----
Spellcasting   | 1 2 3 4 |  4.0
Stealth        | 2 |  2.1
Fighting       | 2 3 4 5 7 |  7.3
Dodging        | 2 3 4 5 6 |  6.9
Earth Magic    | 1 2 3 4 5 |  5.0
Transmutations | 1 2 |  2.0
Shields        | 1 3 4 5 |  5.0
Translocations | 3 4 |  4.1
Conjurations   | 1 4 |  4.0
Invocations    | 3 |  3.4
Fire Magic     | 2 |  2.3
Armour         | |  2.0
Evocations     | |  3.0

Action                     |  1- 3 |  4- 6 |  7- 9 | 10-12 || total
---------------------------+-------+-------+-------+-------++-------
  Melee: Dagger            |    77 |   216 |   234 |   290 ||   817
         Club              |     5 |       |       |       ||     5
         Punch             |       |     4 |       |       ||     4
         Morningstar       |       |       |       |     7 ||     7
  Throw: Boomerang         |       |       |    18 |       ||    18
         Dart              |       |       |     3 |     2 ||     5
         Throwing net      |       |       |     1 |       ||     1
   Cast: Passwall          |       |       |     9 |     8 ||    17
         Momentum Strike   |       |       |     3 |     9 ||    12
         Blink             |       |       |       |     3 ||     3
 Invoke: Donate Gold       |       |       |     1 |       ||     1
         Recite            |       |       |     6 |     8 ||    14
         Vitalisation      |       |       |     2 |     2 ||     4
  Evoke: Wand              |     5 |    13 |    18 |     9 ||    45
    Use: Scroll            |       |     1 |     7 |     3 ||    11
         Potion            |       |       |       |     1 ||     1
   Stab: Sleeping          |       |     2 |     1 |       ||     3
 Armour: Leather armour    |     3 |       |       |       ||     3
         Ring mail         |    36 |    65 |    61 |   101 ||   263
  Dodge: Dodged            |    55 |    98 |   263 |   368 ||   784
  Block: Buckler           |       |    18 |   132 |   143 ||   293
